Cogmind - Beta 12 @@@ ROGUE MODE // 2023.11.15 @ 11:24:12 // Winter2019/RPGLIKE Player: Rainynight Result: Destroyed by G-47 Trooper with Particle Gun Performance ------------- Evolutions (2) 1000 Regions Visited (5) 1000 Robots Destroyed (41) 205 Value Destroyed (846) 846 Prototype IDs (27) 540 Alien Tech Used (0) 0 Bonus (324) 324 TOTAL SCORE: 3915 Bonus ------- High Alert Combat Kills 24 Aligned with FarCom 300 Cogmind --------- Core Integrity 0/600 Matter 270/300 Energy 97/125 System Corruption 0% Temperature Cool (9) Movement Rolling (100) Location -8/Materials Parts ------- > --- POWER (1) -------- Light Ion Engine > --- PROPULSION (3) --- Armored Huge Wheel Flight Unit > --- UTILITY (5) ------ Modified TNC Armor Integrity Analyzer Armor Integrity Analyzer Hacking Suite Trap Reconfigurator > --- WEAPON (2) ------- Hammer Hammer > --- INVENTORY (3) ---- Insulated Plating YOLO Cannon Peak State ------------ > --- POWER ------------ Light Ion Engine > --- PROPULSION ------- Flight Unit Flight Unit Flight Unit > --- UTILITY ---------- Modified TNC Heavy Armor Plating Hacking Suite Trap Reconfigurator > --- WEAPON ----------- YOLO Cannon > --- INVENTORY -------- Insulated Plating [Rating: 48] Favorites ----------- Power Light Ion Engine Engine Light Ion Engine Propulsion Flight Unit Leg Aluminum Leg Wheel Armored Huge Wheel Flight Unit Flight Unit Utility Heat Sink Device Heat Sink Processor Modified TNC Hackware Hacking Suite Protection Light Armor Plating Weapon Hammer Energy Gun Heavy EM Shotgun Energy Cannon YOLO Cannon Ballistic Gun Assault Rifle Impact Weapon Hammer Build | -11 -10 -10 -10 -9 -8 ------- Run | Jun Mat Min Exi Min Mat Slots Evolved 7 | 3 2 . . . 2 Power . | . . . . . . Propulsion 2 | 1 1 . . . . Utility 4 | 2 1 . . . 1 Weapon 1 | . . . . . 1 Parts Attached 30 | 1 13 . 2 3 11 Power 1 | . 1 . . . . Engine 1 | . 1 . . . . Core . | . . . . . . Reactor . | . . . . . . Propulsion 7 | 1 3 . . 2 1 Treads . | . . . . . . Leg 1 | 1 . . . . . Wheel 1 | . . . . . 1 Hover . | . . . . . . Flight 5 | . 3 . . 2 . Utility 15 | . 6 . 2 1 6 Device 4 | . 2 . 1 . 1 Storage . | . . . . . . Processor 3 | . . . 1 . 2 Hackware 1 | . 1 . . . . Protection 7 | . 3 . . 1 3 Artifact . | . . . . . . Weapon 7 | . 3 . . . 4 Energy Gun 1 | . . . . . 1 Energy Cannon 1 | . . . . . 1 Ballistic Gun . | . . . . . . Ballistic Cannon . | . . . . . . Launcher . | . . . . . . Special Weapon . | . . . . . . Impact Weapon 5 | . 3 . . . 2 Slashing Weapon . | . . . . . . Piercing Weapon . | . . . . . . Special Melee Weapon . | . . . . . . Unidentified Prototypes 1 | . . . . . 1 Parts Lost 1 | . . . . . 1 Power . | . . . . . . Propulsion . | . . . . . . Utility 1 | . . . . . 1 Weapon . | . . . . . . Highest Loss Streak 1 | . . . . . 1 To Critical Strikes . | . . . . . . Average Slot Usage (%) 86 | . 85 77 88 99 82 Engine 11 | . 13 11 11 11 9 Leg 11 | . 20 . . . . Flight 17 | . 8 33 33 33 26 Device 13 | . 16 . 5 11 9 Processor 3 | . . . 5 11 9 Hackware 5 | . 2 11 11 11 9 Protection 9 | . 9 11 11 10 8 Ballistic Gun 1 | . 2 . . . . Impact Weapon 10 | . 11 11 11 11 9 Naked Turns . | . . . . . . Heaviest Build 37 | 7 12 8 9 9 37 Greatest Support 28 | 20 20 12 12 12 28 Greatest Overweight (x) 3 | . 2 . . . 3 Average Overweight (x) . | . . . . . . Largest Inventory Capacity 3 | 2 2 2 2 2 3 Average Capacity 2 | 2 2 2 2 2 2 Most Carried 3 | . 2 2 2 2 3 Average Carried 2 | . 1 2 1 2 2 Final Capacity 3 | 2 2 2 2 2 3 Final Carried 3 | . 2 2 2 2 3 Class Distribution -------------------- 57% | Scavenger-Mutant 42% | Mutant Dominant Class ---------------- Mutant | -10/Materials Scavenger-Mutant | -10/Mines Scavenger-Mutant | -10/Exiles Scavenger-Mutant | -9/Mines Scavenger-Mutant | -8/Materials Resources | -11 -10 -10 -10 -9 -8 ----------- Run | Jun Mat Min Exi Min Mat Matter Collected 493 | 210 147 . . 66 70 Remotely . | . . . . . . Salvage Created 1140 | . 593 . . 111 436 Parts 48 | . 25 . . 9 14 Haulers Intercepted 4 | . 2 . . . 2 Recyclers Shooed . | . . . . . . Parts Field Recycled . | . . . . . . Retrieved Matter . | . . . . . . Parts Self-Destructed . | . . . . . . Prevented . | . . . . . . Kills | -11 -10 -10 -10 -9 -8 ------- Run | Jun Mat Min Exi Min Mat Combat Hostiles Destroyed 27 | . 15 . . 7 5 Melee 15 | . 8 . . 5 2 Guns 3 | . 1 . . . 2 Classes Destroyed 10 | . 7 . . . 3 Worker 3 | . 2 . . . 1 Hauler 4 | . 2 . . . 2 Recycler 2 | . 2 . . . . Mechanic 1 | . . . . . 1 Operator 3 | . 2 . . . 1 Watcher 1 | . 1 . . . . Swarmer 10 | . 6 . . 4 . Grunt 15 | . 9 . . 3 3 Brawler 1 | . . . . . 1 Sentry 1 | . . . . . 1 Best Kill Streak 4 | . 4 . . 3 4 Combat Bots Only 4 | . 4 . . 3 2 Max Kills in Single Turn 1 | . 1 . . 1 1 Gunslinging . | . . . . . . Exploded . | . . . . . . Melee 1 | . 1 . . 1 1 Uniques/NPCs Destroyed . | . . . . . . Combat | -11 -10 -10 -10 -9 -8 -------- Run | Jun Mat Min Exi Min Mat Damage Taken 1799 | . 605 . . 183 1011 Core 1161 | . 426 . . 108 627 Absorbed by Shields . | . . . . . . Redirected to Core 836 | . 299 . . 71 466 Core Remaining (%) 92 | 100 . . . 84 . Volleys Fired 10 | . 4 . . . 6 Largest 1 | . 1 . . . 1 Hottest 50 | . 20 . . . 50 Shots Fired 10 | . 4 . . . 6 Gun 10 | . 4 . . . 6 Cannon . | . . . . . . Launcher . | . . . . . . Special . | . . . . . . Kinetic 4 | . 4 . . . . Thermal . | . . . . . . Explosive . | . . . . . . Electromagnetic 6 | . . . . . 6 Robot Hit Streak 10 | . 2 . . . 10 Robot Miss Streak 2 | . 2 . . . 1 Penetration Max . | . . . . . . Secondary Targets . | . . . . . . Shots Hit Robots 89 | . 41 . . 17 31 Core Hits 26 | . 11 . . 5 10 Critical Kills 1 | . . . . 1 . Critical Parts Destroyed 13 | . 8 . . 2 3 Critical Strikes 15 | . 8 . . 3 4 Smash 15 | . 8 . . 3 4 Melee Attacks 114 | . 55 . . 30 29 Impact 114 | . 55 . . 30 29 Slashing . | . . . . . . Piercing . | . . . . . . Sneak Attacks 13 | . 7 . . 1 5 Combat Hostiles 2 | . 1 . . 1 . Follow-up Attacks . | . . . . . . Damage Inflicted 2703 | . 1272 . . 564 867 Guns 152 | . 24 . . . 128 Cannons . | . . . . . . Explosions . | . . . . . . Melee 2548 | . 1248 . . 564 736 Ramming 3 | . . . . . 3 Kinetic 24 | . 24 . . . . Thermal . | . . . . . . Explosive . | . . . . . . Electromagnetic 128 | . . . . . 128 Impact 2548 | . 1248 . . 564 736 Slashing . | . . . . . . Piercing . | . . . . . . Highest Corruption 1 | . 1 1 1 1 . Average Corruption 1 | . 1 1 1 1 . Corruption Purged . | . . . . . . Corruption Blocked . | . . . . . . Effects 4 | . 2 . 1 1 . Matter Fused 3 | . 2 . . 1 . Energy Discharges 1 | . . . 1 . . Overload Shots . | . . . . . . Overflow Damage 735 | . 418 . . 69 248 Projectiles . | . . . . . . Explosions . | . . . . . . Melee 735 | . 418 . . 69 248 Knockbacks 13 | . 6 . . 6 1 Impact 12 | . 6 . . 5 1 Kinetic . | . . . . . . Secondary 1 | . . . . 1 . Self-Inflicted Damage 1 | . . . . . 1 Shots . | . . . . . . Rammed 1 | . . . . . 1 Targets Rammed 1 | . . . . . 1 Kicked . | . . . . . . Crushed . | . . . . . . Highest Temperature 148 | . 1 . . 1 148 Average Temperature 53 | . 1 . . 1 55 Received Heat Transfer 753 | . 138 . . 48 567 Siege Activations . | . . . . . . Robots Corrupted . | . . . . . . Combat Hostiles . | . . . . . . Parts Fried 27 | . 19 . . . 8 Impact Corruptions 39 | . 22 . . 4 13 Robots Melted . | . . . . . . Combat Hostiles . | . . . . . . Parts Melted . | . . . . . . Heat Transferred . | . . . . . . Parts Sabotaged . | . . . . . . Parts Stolen . | . . . . . . Parts Stripped . | . . . . . . Power Chain Reactions . | . . . . . . Missiles Intercepted . | . . . . . . Alert | -11 -10 -10 -10 -9 -8 ------- Run | Jun Mat Min Exi Min Mat Peak Influence 514 | . 514 141 . 255 383 Initial 141 | . . 141 . . 99 Average 181 | . 189 141 . 142 192 Maximum Alert Level 2 | . 2 . . 1 1 Low Security (%) 62 | 100 60 100 . 55 64 Level 1 34 | . 34 . . 44 35 Level 2 2 | . 4 . . . . Level 3 . | . . . . . . Level 4 . | . . . . . . Level 5 . | . . . . . . High Security . | . . . . . . Max Security . | . . . . . . Squads Dispatched 7 | . 5 . . . 2 Investigation 4 | . 4 . . . . Extermination . | . . . . . . Reinforcement 3 | . 1 . . . 2 Assault . | . . . . . . Garrison . | . . . . . . Intercept . | . . . . . . Searches Triggered . | . . . . . . Construction Impeded . | . . . . . . Haulers Reinforced . | . . . . . . Active Scanning Responses . | . . . . . . Cargo Convoy Interrupts . | . . . . . . Stealth | -11 -10 -10 -10 -9 -8 --------- Run | Jun Mat Min Exi Min Mat Distress Signals 4 | . 2 . . . 2 Communications Jammed . | . . . . . . Distress Signals . | . . . . . . Times Spotted 65 | . 33 . . 13 19 Peak Tracking Total 8 | . 5 . . 5 8 Tactical Retreats 11 | . 4 . . 4 3 Traps | -11 -10 -10 -10 -9 -8 ------- Run | Jun Mat Min Exi Min Mat Traps Triggered 1 | . 1 . . . . Indirectly . | . . . . . . Trap Hack Attempts . | . . . . . . Triggered . | . . . . . . Disarmed . | . . . . . . Reprogrammed . | . . . . . . Reused 2 | . . . . . 2 Traps Reconfigurated 3 | . . . . . 3 Traps Extracted . | . . . . . . Installed . | . . . . . . Triggered 3 | . 1 . . . 2 Machines | -11 -10 -10 -10 -9 -8 ---------- Run | Jun Mat Min Exi Min Mat Machines Disabled . | . . . . . . Max in Single Turn . | . . . . . . Machines Repaired . | . . . . . . Machines Sabotaged . | . . . . . . Overloaded Fab Kills . | . . . . . . Hacking | -11 -10 -10 -10 -9 -8 --------- Run | Jun Mat Min Exi Min Mat Machines Accessed 7 | . 6 . 1 . . Terminals 6 | . 6 . . . . Fabricators . | . . . . . . Repair Stations . | . . . . . . Recycling Units . | . . . . . . Scanalyzers . | . . . . . . Garrison Access . | . . . . . . Total Hacks 21 | . 20 . 1 . . Successful 7 | . 6 . 1 . . Failed 14 | . 14 . . . . Catastrophic 5 | . 5 . . . . Database Lockouts . | . . . . . . Manual 11 | . 10 . 1 . . Terminals 20 | . 20 . . . . Fabricators . | . . . . . . Repair Stations . | . . . . . . Recycling Units . | . . . . . . Scanalyzers . | . . . . . . Garrison Access . | . . . . . . Terminal Hacks 7 | . 6 . 1 . . Robot Analysis 3 | . 3 . . . . Prototype ID Bank 2 | . 2 . . . . Hauler Manifests 1 | . 1 . . . . EX-Prototype ID Bank 1 | . . . 1 . . Fabricator Hacks . | . . . . . . Repair Station Hacks . | . . . . . . Recycling Unit Hacks . | . . . . . . Scanalyzer . | . . . . . . Garrison Access Hacks . | . . . . . . Unauthorized Hacks . | . . . . . . Terminals . | . . . . . . Fabricators . | . . . . . . Repair Stations . | . . . . . . Recycling Units . | . . . . . . Scanalyzers . | . . . . . . Garrison Access . | . . . . . . Data Cores Recovered 1 | . 1 . . . . Used . | . . . . . . Hacking Detections 6 | . 6 . . . . Full Trace Events 3 | . 3 . . . . Feedback Events 1 | . 1 . . . . Corruption 1 | . 1 . . . . Feedback Blocked . | . . . . . . Robot Schematics Acquired . | . . . . . . Robots Built . | . . . . . . Authchips . | . . . . . . Time . | . . . . . . Total Robot Build Rating . | . . . . . . Part Schematics Acquired . | . . . . . . Parts Built . | . . . . . . Authchips . | . . . . . . Time . | . . . . . . Total Part Build Rating . | . . . . . . Parts Repaired . | . . . . . . Time . | . . . . . . Parts Recycled . | . . . . . . Recycled Matter . | . . . . . . Retrieved Matter . | . . . . . . Retrieved Components . | . . . . . . Parts Scanalyzed . | . . . . . . Part Schematics Acquired . | . . . . . . Parts Damaged . | . . . . . . Bothacking | -11 -10 -10 -10 -9 -8 ------------ Run | Jun Mat Min Exi Min Mat Used RIF Installer . | . . . . . . Robots Hacked . | . . . . . . Non-combat . | . . . . . . Combat . | . . . . . . Robot Hacks Applied . | . . . . . . Relay Couplers Released . | . . . . . . Fabnet Peak Effective % . | . . . . . . Robots Rewired . | . . . . . . Allies Hacked . | . . . . . . Hacks Repelled . | . . . . . . Allies | -11 -10 -10 -10 -9 -8 -------- Run | Jun Mat Min Exi Min Mat Total Allies . | . . . . . . Largest Group . | . . . . . . Highest-Rated Group . | . . . . . . Highest-Rated Ally . | . . . . . . Total Orders . | . . . . . . Ally Attacks . | . . . . . . Total Damage . | . . . . . . Kills . | . . . . . . Allies Corrupted . | . . . . . . Allies Melted . | . . . . . . Intel | -11 -10 -10 -10 -9 -8 ------- Run | Jun Mat Min Exi Min Mat Robot Analysis Total 3 | . 3 . . . . Derelict Logs Recovered 2 | . . 1 . 1 . Drone Launches . | . . . . . . Drone Recoveries . | . . . . . . Exploration | -11 -10 -10 -10 -9 -8 ------------- Run | Jun Mat Min Exi Min Mat Turns Passed 1477 | 13 839 26 92 185 322 Spaces Moved 1432 | 10 741 60 254 193 174 Core . | . . . . . . Treads . | . . . . . . Legs 384 | 10 374 . . . . Wheels 5 | . . . . . 5 Hover . | . . . . . . Flight 1043 | . 367 60 254 193 169 Fastest Speed 34 | 120 34 34 34 34 34 Average Speed 66 | 120 78 34 34 34 105 Slowest Speed 274 | 120 200 34 34 34 274 Overloaded Moves . | . . . . . . Propulsion Burnouts . | . . . . . . Robots Hopped 8 | . 6 . . 2 . Cave-ins Triggered . | . . . . . . Exploration Rate (%) 36 | 2 90 21 48 29 29 Regions Visited 5 Branch Regions 3 Pre-discovered Areas 2 | . . 1 . 1 . Known Exits Taken 1 | . . . . 1 . Unknown Exits Taken 4 | 1 1 1 1 . . Scrap Searched . | . . . . . . Spaces Dug . | . . . . . . Terrain Destroyed . | . . . . . . Melee . | . . . . . . Projectile . | . . . . . . AOE . | . . . . . . Terrain Rammed . | . . . . . . Walls Destroyed . | . . . . . . Machines Disabled . | . . . . . . Actions | -11 -10 -10 -10 -9 -8 --------- Run | Jun Mat Min Exi Min Mat Total 1737 | 10 890 64 258 258 257 Wait 101 | . 53 5 . 23 20 Move 1411 | 9 728 59 253 188 174 Hop 8 | . 6 . . 2 . Pick Up 5 | . 3 . 1 . 1 Fast Attach 24 | 1 11 . 2 1 9 Attach 2 | . . . . . 2 Detach 4 | . 1 . . . 3 Swap 4 | . 2 . . 2 . Drop 23 | . 11 . 2 3 7 Fire 10 | . 4 . . . 6 Melee 114 | . 55 . . 30 29 Ram 1 | . . . . . 1 Kick . | . . . . . . Crush . | . . . . . . Escape Stasis . | . . . . . . Rewire . | . . . . . . Trap . | . . . . . . Miscellaneous 30 | . 16 . . 9 5 Route ------- -11/Junkyard -10/Materials (discovered 4 exits: [*Mat x3] / [*Min]) -10/Mines -10/Exiles -9/Mines (discovered 2 exits: *Mat x2) -8/Materials (discovered 1 exit: [*Sto]) History --------- Turn | Location | Event 1 | -11/Junkyard | Upgraded with Propulsion slot (x1) 1 | -11/Junkyard | Upgraded with Utility slot (x2) 1 | -11/Junkyard | Discovered new exit (range 1) 14 | -11/Junkyard | Entered Materials 203 | -10/Materials | Discovered new exit (range 15) 308 | -10/Materials | Build established: Mutant 310 | -10/Materials | Discovered new exit (range 10) 608 | -10/Materials | Reached level 2 610 | -10/Materials | Upgraded with Utility slot (x1) 691 | -10/Materials | Discovered new exit (range 16) 725 | -10/Materials | Upgraded with Propulsion slot (x1) 754 | -10/Materials | Discovered new exit (range 10) 853 | -10/Materials | Entered Mines 860 | -10/Mines | Received a Rocket Launcher from a helpful Derelict 877 | -10/Mines | Deemed a non-threat by the Exiles lab entrance 877 | -10/Mines | Discovered new exit (range 5) 879 | -10/Mines | Entered Exiles 887 | -10/Exiles | Met 8R-AWN 893 | -10/Exiles | Met EX-HEX 904 | -10/Exiles | Met EX-BIN 913 | -10/Exiles | Aligned with FarCom system 914 | -10/Exiles | Given EX-Vault access code 921 | -10/Exiles | Build established: Scavenger-Mutant 922 | -10/Exiles | Opened EX-Vault 924 | -10/Exiles | Found Modified TNC 927 | -10/Exiles | Found Trap Reconfigurator 930 | -10/Exiles | Found YOLO Cannon 938 | -10/Exiles | Warned to stay clear of 0b10 Research branches 942 | -10/Exiles | Exiles lab attacked by MAIN.C 966 | -10/Exiles | Discovered new exit (range 15) 971 | -10/Exiles | Stole three prototypes: Modified TNC, Trap Reconfigurator, YOLO Cannon 971 | -10/Exiles | Entered Mines 973 | -9/Mines | Reached level 3 1028 | -9/Mines | Excavation squad dispatched 1028 | -9/Mines | A large section of the Mines collapsed 1107 | -9/Mines | Discovered new exit (range 7) 1108 | -9/Mines | Identified exit to Materials 1153 | -9/Mines | Learned location of Storage (-8) 1156 | -9/Mines | Entered Materials 1157 | -8/Materials | Discovered new exit (range 14) 1158 | -8/Materials | Reached level 4 1169 | -8/Materials | Upgraded with Utility slot (x1) 1169 | -8/Materials | Upgraded with Weapon slot (x1) 1388 | -8/Materials | Core integrity fell below 50% 1399 | -8/Materials | Reached level 5 1422 | -8/Materials | Core integrity fell below 20% 1478 | -8/Materials | Destroyed by G-47 Trooper with Particle Gun Last Messages --------------- 01427_ Critical hit (Burn: +37). 01429_ M-13 Machinist repairs G-47 Trooper. 01433_ K-01 Serf collects debris. 01440_ B-36 Bruiser destroyed. 01450_ G-50 Soldier misfires. 01452_ G-50 Soldier destroyed. 01456_ Used Protomatter to restore core integrity (+114, depleted) 01459_ Dropped Hvy. EM Shotgun. 01460_ Acquired Hammer. 01466_ Hvy. Armor Plating destroyed. 01466_ Acquired 15 matter. 01468_ ALERT: Hostiles spotted, dispatching reinforcements to Terminal M008. 01468_ K-01 Serf collects debris. 01469_ Dropped Flight Unit. 01470_ Acquired Arm. Huge Wheel. 01471_ K-01 Serf collects debris. 01473_ Acquired Armor Integrity Analyzer. 01475_ K-01 Serf collects debris. 01476_ Acquired Armor Integrity Analyzer. Map ----- +----------------------------------------------------+ | ## ?#%#?????????????????????????????????????? | | ## # #?????????????????????????????????????? | | ##### # ##############????????????????????????? | | ????# + !]## #????????????????????????? | | ????# #]! ## #????????????????????????? | | ????###### ] ## """ #????????????????????????? | | / """""#????????????????????????? | | ############ # [ """""#????????????????????????? | | ???????????# # """""#????????????????????????? | | ??????????## # """ #??????######????????????? | | ??????????#T # % #?????? #????????????? | | ??????????## # !%%% #??#??"" #????????????? | | ??????###### #####+####### "R #????????????? | | ????? %%% / """ #????????????? | | ????? r %* ### #????????????? | | ???????"" """" ][ #?# """ #????????????? | | ????????? """" u ][[kg#?# """ #????????????? | | ????????" " ][ #?# """ #????????????? | | ?????? ug #?# % [ #????????????? | | ?????? #?#####+####????????????? | | ??????? =[ ##### g*! ####### ??????? | | ??????? %=[ %g a * ???? | | ??????? % g T ???? | | ???????? gg ???? | | ????????############## ## ! ###+### ???? | | ?????????????????????# =@ ### ##??? ????????? | | ?????????????????????#! = **#?# #????? #???????? | | ?????????????????????#! ==**#?# #??????#???????? | | ?????????????????????########?# #??????????????? | | ??????????????????????????????# #??????????????? | | ??????????????????????????????# #??????????????? | | ??????????????????????????????# #??????????????? | | ??????????????????????????????? #??????????????? | | ??????????????????????????????? #??????????????? | | ??????????????????????????????? g #??????????????? | | ???????????????????????????????g +??????????????? | | ???????????????????????????????? ????????????????? | | ?????????????????????????????????????????????????? | | ?????????????????????????????????????????????????? | | ?????????????????????????????????????????????????? | | ?????????????????????????????????????????????????? | | ?????????????????????????????????????????????????? | | ?????????????????????????????????????????????????? | | ?????????????????????????????????????????????????? | | ?????????????????????????????????????????????????? | | ?????????????????????????????????????????????????? | | ?????????????????????????????????????????????????? | | ?????????????????????????????????????????????????? | | ?????????????????????????????????????????????????? | | | +----------------------------------------------------+ Best States ------------- Heat Dissipation 45 Energy Generation 10 Energy Capacity 250 Matter Stores 300 Matter Capacity 300 Sight Range 16 Terrain Scan Density 10 Armor Coverage 600 Evasion (%) 63 Offensive Hacking 10 Item Schematics ----------------- None Robot Schematics ------------------ None Fabricated ------------ Nothing Alien Tech Used ----------------- None Achievements -------------- None Challenges ------------ None RPGLIKE | -11 -10 -10 -10 -9 -8 --------- Run | Jun Mat Min Exi Min Mat Levels Raised 4 | . 1 . . 1 2 XP Earned 9477 | 3000 2057 500 350 1250 2320 XP Spent 7100 | 2550 1900 . . . 2650 Upgrades 10 | 5 2 . . . 3 Propulsion Slot 2 | 1 1 . . . . Utility Slot 4 | 2 1 . . . 1 Weapon Slot 1 | . . . . . 1 Inventory Capacity 3 | 2 . . . . 1 Protomatter Created 273 | . 173 . . 62 38 Integrity Restored 585 | . 285 . . 186 114 Core 557 | . 257 . . 186 114 Parts 28 | . 28 . . . . Protomatter Decayed 77 | . 77 . . . . Game ------ Seed DeuteriumInsulationSpecial Manual? 0 Play Time 00:20:28 Cumulative 330.2 hours Start 2023.11.15 @ 11:06:42 End 2023.11.15 @ 11:24:12 Sessions 1 Manual Loads 0 Difficulty Rogue Special Mode Winter2019/RPGLIKE Game No. 354 Rogue 327 Adventurer 2 Explorer 25 Win Type - Total 20 Types 17/1/0/2/0/0/0/0/0 Lore% 76 Gallery% 83 Achievement% 80 Wizard Run 0 Options --------- ASCII 1 Keyboard 1 Movement Numpad Keybinds 1 Fullscreen 1 Font 18/X11 Map View 76x50 Tactical HUD 1 Map Filters NONE Filters NONE Steam 1 RUN: 51f9b7e9-ee10-4ce6-8b49-edb48d5fd85a